 Dungeon Crawl Stone Soup version 0.22-a0-110-g5b255cf (webtiles) character file.

59 barakagiga3 the Magician (level 4, -5/32 HPs)
             Began as a Human Wanderer on Jan 27, 2018.
             Slain by Natasha (8 damage)
             ... on level 2 of the Dungeon.
             The game lasted 00:03:52 (1331 turns).

barakagiga3 the Magician (Human Wanderer)           Turns: 1331, Time: 00:03:53

Health: -5/32      AC:  2    Str: 13    XL:     4   Next: 22%
Magic:  4/9        EV: 11    Int: 13    God:
Gold:   73         SH:  0    Dex: 12    Spells: 8/9 levels left

rFire    . . .     SeeInvis .   a - +2 dagger
rCold    . . .     Gourm    .   (no shield)
rNeg     . . .     Faith    .   e - +0 robe
rPois    .         Spirit   .   (no helmet)
rElec    .         Reflect  .   (no cloak)
rCorr    .         Harm     .   (no gloves)
MR       .....                  (no boots)
Stlth    ++........             (no amulet)
HPRegen  0.10/turn              (no ring)
MPRegen  0.11/turn              (no ring)

@: very slightly contaminated
A: no striking features
a: no special abilities


You were on level 2 of the Dungeon.
You were not hungry.

You visited 1 branch of the dungeon, and saw 2 of its levels.

You collected 73 gold pieces.

Inventory:

Hand Weapons
 a - a +2 dagger (weapon)
 c - a +0 short sword
Armour
 e - a +0 robe (worn)
Scrolls
 j - a scroll of fear {unknown}
 l - a scroll of teleportation {unknown}
 m - a scroll of remove curse
 n - a scroll of enchant armour {unknown}
Potions
 b - a potion of berserk rage
 h - a potion of magic {unknown}
 i - 2 potions of degeneration {unknown}
 k - 2 potions of cancellation {unknown}
Books
 d - the Compendium of the Arsonist

   Spells                             Type                      Level
   a - Flame Tongue                   Conjuration/Fire             1
   b - Inner Flame                    Hexes/Fire                   3
Comestibles
 f - 3 rations
 g - 8 chunks of flesh


   Skills:
 - Level 1.0 Fighting
 - Level 1.0 Short Blades
 - Level 1.0 Throwing
 + Level 2.1 Stealth
   Level 1.0 Shields
 + Level 3.4 Spellcasting
 * Level 2.6 Conjurations
 - Level 1.0 Fire Magic


You had 8 spell levels left.
You knew the following spells:

 Your Spells              Type           Power        Failure   Level  Hunger
a - Flame Tongue          Conj/Fire      #....        11%         1    #......


Dungeon Overview and Level Annotations

Branches:
Dungeon (2/15)

Altars:

Annotations:
D:2 Natasha


Message History

Natasha's front paws start to glow.
Natasha claws you.
* * * LOW HITPOINT WARNING * * *
Casting: Flame Tongue (safe; 11% risk of failure)
Confirm with . or Enter, or press ? or * to list all spells.
Aiming: Flame Tongue (safe; 11% risk of failure)
Press: ? - help, Shift-Dir - straight line, f/p - Natasha
Aim: Natasha (severely wounded)
The flame tongue misses Natasha.
The flame tongue hits the iron imp.
The iron imp appears unharmed.
Natasha mumbles some strange words.
Casting: Flame Tongue (safe; 11% risk of failure)
Confirm with . or Enter, or press ? or * to list all spells.
Aiming: Flame Tongue (safe; 11% risk of failure)
Press: ? - help, Shift-Dir - straight line, f/p - Natasha
Aim: Natasha (severely wounded)
You miscast Flame Tongue.
You smell smoke.
You feel yourself speed up. Natasha claws you!
You die...

#...# ....#
###########
#.#.#
#.5@h5....#
#.#.#
#.#######.#
#.#.# #.# #.#.#
#.# #.#.# #.#
######.#.# #.#
.รท.......# #.#
######.#.#####.#
#.#.......#


You could see an iron imp, Natasha and a crimson imp.

Vanquished Creatures
  3 adders (D:2)
  A dart slug (D:1)
  2 leopard geckos (D:1)
  2 bats (D:1)
  4 giant cockroaches
  3 goblins
  2 hobgoblins (D:1)
  4 kobolds (D:1)
  4 ball pythons (D:2)
  4 rats
29 creatures vanquished.

Notes
Turn   | Place    | Note
-------+----------+-------------------------------------------
     0 | D:1      | barakagiga3 the Human Wanderer began the quest for the Orb.
     0 | D:1      | barakagiga3 set off with: a +2 dagger, a potion of berserk rage, a +0 short sword, the Compendium of the Arsonist, a +0 robe, a ration
     0 | D:1      | Reached XP level 1. HP: 15/15 MP: 4/4
     1 | D:1      | Identified the Compendium of the Arsonist
     3 | D:1      | Learned a level 1 spell: Flame Tongue
   196 | D:1      | Reached XP level 2. HP: 16/21 MP: 6/6
   999 | D:1      | Reached XP level 3. HP: 26/26 MP: 5/7
  1195 | D:2      | Reached XP level 4. HP: 31/32 MP: 2/9
  1318 | D:2      | Noticed Natasha
  1331 | D:2      | Slain by Natasha

Vault maps used:
D:1:      saegor_arrival_simple_e
D:2:      kennysheep_vampire_church, lemuel_round_altar, first_ration,
          minmay_shallow_snake_nest, uniq_robin, uniq_natasha, uniq_jessica

Skill      XL: |  1  2  3 |
---------------+----------+-----
Conjurations   | 2 |  2.6
Stealth        | 2 |  2.1
Fighting       | |  1.0
Short Blades   | |  1.0
Throwing       | |  1.0
Shields        | |  1.0
Spellcasting   | |  3.4
Fire Magic     | |  1.0

Action                   |  1- 3 |  4- 6 || total
-------------------------+-------+-------++-------
Melee: Dagger            |    32 |     6 ||    38
 Cast: Flame Tongue      |    30 |     8 ||    38
  Use: Scroll            |       |     1 ||     1
 Stab: Sleeping          |     3 |       ||     3
  Eat: Chunk             |     1 |     1 ||     2
Armor: Robe              |     6 |       ||     6
Dodge: Dodged            |    25 |     6 ||    31

Table legend:
 A = Spawn XP
 B = Non-spawn XP
 C = Spawn XP percentage of total XP
 D = Spawn monster count
 E = Non-spawn monster count
 F = Spawn count percentage of total count
 G = Total turns spent on level
                    A         B        C        D         E        F      G
               +---------+---------+-------+---------+---------+-------+---------
         Total |       0 |      85 |   0.0 |       0 |      29 |   0.0 |  1331
               +---------+---------+-------+---------+---------+-------+---------
           D:1 |       0 |      34 |   0.0 |       0 |      18 |   0.0 |  1106
           D:2 |       0 |      51 |   0.0 |       0 |      11 |   0.0 |   225
               +---------+---------+-------+---------+---------+-------+---------
